 Dungeon Crawl Stone Soup version 0.20.1-1-g8b1a95d (webtiles) character file.

62 ANON1729 the Firebug (level 4, 0/24 HPs)
             Began as a Tengu Fire Elementalist on July 31, 2017.
             Slain by Grinder (5 damage)
             ... on level 3 of the Dungeon.
             The game lasted 00:05:18 (1982 turns).

ANON1729 the Firebug (Tengu Fire Elementalist)      Turns: 1982, Time: 00:05:18

Health: 0/24       AC:  2    Str:  8    XL:     4   Next: 8%
Magic:  0/8        EV: 13    Int: 16    God:
Gold:   187        SH:  0    Dex: 15    Spells: 4/8 levels left

rFire    . . .     SeeInvis .   d - +1 dagger (venom)
rCold    . . .     Gourm    .   (no shield)
rNeg     . . .     Faith    .   a - +0 robe
rPois    .         Spirit   .   (helmet restricted)
rElec    .         Reflect  .   (no cloak)
rCorr    .         Harm     .   (no gloves)
MR       .....     Rnd*Tele +   (boots unavailable)
Stlth    +.........             (no amulet)
Regen    0.1/turn               h - ring of loudness (curse)
MPRegen  0.2/turn               i - ring of teleportation (curse)

@: no status effects
A: beak, talons 3
a: no special abilities


You were on level 3 of the Dungeon.
You were not hungry.

You visited 1 branch of the dungeon, and saw 3 of its levels.

You collected 187 gold pieces.

Inventory:

Hand Weapons
 d - a +1 dagger of venom (weapon)
Armour
 a - a +0 robe (worn)
Jewellery
 h - a cursed ring of loudness (left hand)
 i - a cursed ring of teleportation (right hand)
 o - an uncursed amulet of rage {unknown}
 u - an uncursed amulet of regeneration {unknown}
Scrolls
 e - 5 scrolls of recharging {unknown}
 j - 3 scrolls of enchant armour {unknown}
 k - 7 scrolls of identify {unknown}
 n - a scroll of enchant weapon {unknown}
 r - 2 scrolls of immolation {unknown}
Potions
 f - 2 potions of heal wounds {unknown}
 g - a potion of berserk rage {unknown}
 l - a potion of mutation {unknown}
 s - a potion of might {unknown}
 t - a potion of brilliance {unknown}
Books
 b - a book of Flames

   Spells                             Type                      Level
   a - Flame Tongue                   Conjuration/Fire             1
   b - Throw Flame                    Conjuration/Fire             2
   c - Conjure Flame                  Conjuration/Fire             3
   d - Inner Flame                    Hexes/Fire                   3
   e - Sticky Flame                   Conjuration/Fire             4
   f - Fireball                       Conjuration/Fire             5
Comestibles
 c - 3 bread rations
 m - a fruit
 p - a meat ration
 q - a royal jelly
 v - a chunk of flesh


   Skills:
 - Level 2.1 Dodging
 - Level 2.0 Stealth
 + Level 2.6 Spellcasting
 + Level 2.8 Conjurations
 + Level 4.3 Fire Magic


You had 4 spell levels left.
You knew the following spells:

 Your Spells              Type           Power        Failure   Level  Hunger
a - Flame Tongue          Conj/Fire      ##...        4%          1    #......
b - Conjure Flame         Conj/Fire      ##......     14%         3    ###....


Dungeon Overview and Level Annotations

Branches:
Dungeon (3/15)

Altars:
Dithmenos
The Shining One

Annotations:
D:3 Grinder


Innate Abilities, Weirdness & Mutations

You have a beak for a mouth.
You have claws for feet.


Message History

Confirm with . or Enter, or press ? or * to list all spells.
Aiming: Flame Tongue
Press: ? - help, Shift-Dir - straight line, f/p - Grinder
Aim: Grinder (severely wounded)
The flame tongue hits Grinder.
Grinder is almost dead.
Grinder misses you.
You hit Grinder. Your kick misses Grinder.
Grinder is almost dead.
Grinder gestures at you.
You suddenly lose the ability to move!
Grinder gestures at you.
You shrug off the repeated paralysis!
Grinder hits you.
* * * LOW HITPOINT WARNING * * *
You can move again.
Grinder hits you.
* * * LOW HITPOINT WARNING * * *
You writhe in agony.
You die...

#.# #.# #.# #.# #.#
##########.#
#.......##.###########
#............5@......+
#.#####.##.###########
#>...........#
#.########.#.#
#.##.......#..#
#.##.####### .#
###.##.# .. ....##.#
.# ######.#


You could see Grinder.

Vanquished Creatures
  An adder (D:2)
  2 dart slugs (D:1)
  A leopard gecko (D:1)
  A ball python (D:1)
  7 bats
  2 giant cockroaches (D:1)
  7 goblins
  7 jackals
  5 frilled lizards
  3 kobolds (D:1)
  7 rats
43 creatures vanquished.

Notes
Turn   | Place    | Note
-------+----------+-------------------------------------------
     0 | D:1      | ANON1729 the Tengu Fire Elementalist began the quest for the Orb.
     0 | D:1      | Reached XP level 1. HP: 10/10 MP: 4/4
   291 | D:1      | Reached XP level 2. HP: 15/15 MP: 4/6
   490 | D:1      | Reached XP level 3. HP: 19/19 MP: 5/7
   719 | D:1      | Reached skill level 4 in Fire Magic
   781 | D:1      | Learned a level 3 spell: Conjure Flame
  1096 | D:2      | Found a glowing golden altar of the Shining One.
  1656 | D:3      | Found a shadowy altar of Dithmenos.
  1721 | D:3      | Reached XP level 4. HP: 24/24 MP: 6/8
  1967 | D:3      | Noticed Grinder
  1979 | D:3      | Paralysed by Grinder for 3 turns
  1982 | D:3      | Slain by Grinder

Skill      XL: |  1  2  3 |
---------------+----------+-----
Conjurations   | 2 |  2.8
Fire Magic     | 4 |  4.3
Dodging        | |  2.1
Stealth        | |  2.0
Spellcasting   | |  2.6

Action                   |  1- 3 |  4- 6 || total
-------------------------+-------+-------++-------
Melee: Dagger            |    26 |     1 ||    27
       Peck              |     3 |     2 ||     5
       Kick              |     3 |       ||     3
       Unarmed           |     1 |     7 ||     8
 Cast: Flame Tongue      |    39 |    15 ||    54
       Conjure Flame     |       |     1 ||     1
  Eat: Chunk             |     3 |     1 ||     4
Armor: Robe              |    10 |     1 ||    11
Dodge: Dodged            |    36 |    11 ||    47
